 Dungeon Crawl Stone Soup version 0.30-a0-385-gfebfb9b (webtiles) character file.

Game seed: 10720807683446760316

3232 BarneyGumball the Slicer (level 9, -1/45 HPs)
             Began as a Vine Stalker Brigand on Dec 2, 2022.
             Was a Follower of Uskayaw.
             Slain by an orc warrior
             ... wielding a +0 glaive
              (13 damage)
             ... on level 9 of the Dungeon.
             The game lasted 00:40:27 (6081 turns).

BarneyGumball the Slicer (Vine Stalker Brigand)     Turns: 6081, Time: 00:40:27

Health: -1/45      AC:  8    Str: 20    XL:     9   Next: 98%
Magic:  0/10       EV: 13    Int: 11    God:    Uskayaw [*.....]
Gold:   347        SH:  0    Dex: 19    Spells: 4/8 levels left

rFire   . . .      SeeInvis .    m - +1 dagger (venom)
rCold   . . .      Faith    .    (no shield)
rNeg    . . .      Spirit   +    f - +1 robe of Fallacy {Regen+ Str+5}
rPois   .          Reflect  .    (no helmet)
rElec   .          Harm     .    b - scarf {shadows}
rCorr   .          Rampage  .    (no gloves)
Will    +....                    B - +0 pair of boots
Stlth   ++++......               D - amulet of the acrobat
HPRegen 1.87/turn                x - +4 ring of protection
MPRegen 0.12/turn                (no ring)

@: about to teleport
A: fangs 3, regeneration 1, magic shield, antimagic bite, no potion heal 2
a: Renounce Religion, Stomp


You were on level 9 of the Dungeon.
You worshipped Uskayaw.
Uskayaw was noncommittal.
You visited 2 branches of the dungeon, and saw 10 of its levels.
You also visited: Sewer.

You collected 380 gold pieces.
You spent 33 gold pieces at shops.

Inventory:

Hand Weapons
 a - a +0 dagger of electrocution
 h - a +0 rapier
 l - a +0 sling of flaming
 m - a +1 dagger of venom (weapon)
 p - a +3 dagger
Missiles
 d - 7 poisoned darts (quivered)
 e - 8 curare-tipped darts
Armour
 b - a scarf of shadows (worn)
 f - the +1 robe of Fallacy (worn) {Regen+ Str+5}
   (You found it on level 4 of the Dungeon)

   Str:       It affects your strength (+5).
   Regen:     It increases your rate of health regeneration.
 B - a +0 pair of boots (worn)
Jewellery
 x - a +4 ring of protection (left hand)
 D - an amulet of the acrobat (around neck)
 F - a ring of ice
Scrolls
 i - 2 scrolls of silence {unknown}
 j - a scroll of fog {unknown}
 k - 4 scrolls of teleportation
 r - 2 scrolls of noise {unknown}
 t - 4 scrolls of blinking {unknown}
 u - 2 scrolls of fear {unknown}
 v - 2 scrolls of poison {unknown}
 y - 2 scrolls of brand weapon {unknown}
 C - 2 scrolls of identify
 E - 2 scrolls of torment {unknown}
 G - a scroll of immolation {unknown}
Potions
 g - 2 potions of curing
 n - a potion of haste {unknown}
 o - a potion of flight {unknown}
 q - 4 potions of lignification
 s - a potion of mutation {unknown}
 w - 2 potions of ambrosia
 z - 2 potions of attraction
 A - a potion of resistance {unknown}
 H - a potion of degeneration {unknown}
 I - a potion of brilliance {unknown}


   Skills:
 + Level 4.0 Fighting
 + Level 9.0 Short Blades
 - Level 6.0 Throwing
 + Level 3.2 Dodging
 - Level 8.0 Stealth
 * Level 0.0 Invocations


You had 4 spell levels left.
You knew the following spells:

 Your Spells              Type           Power      Damage    Failure   Level
a - Blink                 Tloc           0%         N/A       47%         2
b - Ensorcelled Hibernat  Hex/Ice        0%         N/A       47%         2

Your spell library contained the following spells:

 Spells                   Type           Power      Damage    Failure   Level
 Magic Dart               Conj           0%         1d3       34%         1
 Momentum Strike          Conj/Tloc      0%         3d8       47%         2
 Passwall                 Tmut/Erth      0%         N/A       47%         2
 Searing Ray              Conj           0%         2d4       47%         2
 Hailstorm                Conj/Ice       0%         3d3       71%         3
 Ignite Poison            Fire/Tmut/Pois 0%         N/A       71%         3
 Kindle Blastsparks       Fire/Tloc/Air  0%         2d10      71%         3
 Lesser Beckoning         Tloc           0%         N/A       71%         3
 Stone Arrow              Conj/Erth      0%         3d7       71%         3
 Swiftness                Air            0%         N/A       71%         3
 Animate Armour           Summ/Erth      0%         N/A       98%         4
 Fulminant Prism          Conj/Hex       0%         3d5       98%         4
 Ice Form                 Ice/Tmut       0%         N/A       98%         4
 Blade Hands              Tmut           0%         N/A       100%        5
 Freezing Cloud           Conj/Ice/Air   0%         6-21      100%        5
 Irradiate                Conj/Tmut      0%         3d11      100%        5
 Iskenderun's Battlesphe  Conj           0%         2d6       100%        5
 Iron Shot                Conj/Erth      0%         9d1       100%        6
 Simulacrum               Ice/Necr       0%         N/A       100%        6
 Dragon Form              Tmut           0%         N/A       100%        7
 Spellforged Servitor     Conj/Summ      0%         N/A       100%        7
 Lehudib's Crystal Spear  Conj/Erth      0%         10d2      100%        8


Dungeon Overview and Level Annotations

Branches:
Dungeon (8/15)             Temple (1/1) D:7           Sewer (visited)
   Lair: D:8-11

Altars:
Ashenzari
Dithmenos
Elyvilon
Hepliaklqana
Kikubaaqudgha
Okawaru
Uskayaw
Vehumet
Yredelemnul
Zin

Shops:
D:2 ?

Annotations:
D:4 exclusions: adder and ball python, Sigmund
D:5 1 runed translucent door, Grinder; Stormy's ghost, novice DsMo
D:6 exclusion: ogre


Innate Abilities, Weirdness & Mutations

You have razor-sharp teeth.
Your natural rate of healing is unusually fast.
When hurt, damage is shared between your health and your magic reserves.
Your bite disrupts and absorbs the magic of your enemies.
Potions cannot restore your health.


Message History

You feel invigorated.
The vampire is lightly damaged.
The vampire closely misses you. The vampire completely misses you.
The orc warrior hits you from afar with a +0 glaive.
You hit the vampire. Your bite misses the vampire.
The vampire is moderately damaged.
Okay, then.
Okay, then.
You closely miss the vampire. Your bite misses the vampire.
The vampire is moderately damaged.
The vampire closely misses you. x2; The orc warrior completely misses you.
You hit the vampire but do no damage.
The vampire is moderately damaged.
You hit the vampire but do no damage.
The vampire is moderately damaged.
The vampire closely misses you. The vampire bites you!
The vampire draws strength from your injuries!
The orc warrior hits you from afar with a +0 glaive!
As you read the scroll of teleportation, it crumbles to dust.
You feel strangely unstable.
The vampire hits you but does no damage.
The vampire barely misses you. The orc warrior misses you.
You hit the orc priest. You bite the orc priest. You drain its power.
You feel invigorated.
The orc priest is moderately wounded.
You hit the orc priest but do no damage.
The orc priest is poisoned.
You bite the orc priest, but do no damage.
The orc priest is moderately wounded.
The vampire misses you. The vampire completely misses you.
The orc priest misses you.
The orc warrior hits you from afar with a +0 glaive.
You barely miss the orc priest. Your bite misses the orc priest.
The orc priest is moderately wounded.
The vampire hits you. The vampire bites you!
The vampire draws strength from your injuries!
The orc priest hits you with a +0 short sword.
* * * LOW HITPOINT WARNING * * *
The orc warrior hits you from afar with a +0 glaive!
You die...

.... ...
################+#
#.................
#.................
#...............##
#...............##
#ooo..............
#@V...##..........
#..o..##..o.......
#.....##..........
#.................
#.................
#..............F..
####+###


You could see a vampire (magic disrupted), an orc warrior, an orc priest (very
poisoned), an orc wizard and an orc.

Vanquished Creatures
  Pikel (D:7)
  Maggie (D:7)
  A wyvern (D:7)
  Menkaure (D:7)
  A water moccasin (D:6)
  An ogre (D:7)
  A sky beast (D:8)
  An orc warrior (D:8)
  3 ice beasts
  A black bear (D:6)
  2 centaurs
  4 phantoms
  2 bullfrogs
  2 scorpions
  A necrophage (D:6)
  2 hounds
  3 jellies
  4 orc priests
  2 iguanas
  2 orc wizards
  7 gnolls
  10 adders
  2 shadow imps
  A white imp (D:7)
  2 ufetubi
  2 dart slugs (D:5)
  3 worms
  19 orcs
  5 bats
  8 endoplasms
  8 giant cockroaches
  5 goblins
  7 hobgoblins
  8 jackals
  2 quokkas
  12 ball pythons
  6 frilled lizards
  8 kobolds
  6 rats
  A spectral orc (D:7)
158 creatures vanquished.

Vanquished Creatures (others)
  2 plants
2 creatures vanquished.

Grand Total: 160 creatures vanquished

Notes
Turn   | Place    | Note
-------+----------+-------------------------------------------
     0 | D:1      | BarneyGumball the Vine Stalker Brigand began the quest for
                  | the Orb.
     0 | D:1      | Reached XP level 1. HP: 11/11 MP: 2/2
   105 | D:1      | Reached skill level 2 in Short Blades
   122 | D:1      | Reached skill level 5 in Stealth
   122 | D:1      | Reached XP level 2. HP: 15/15 MP: 3/3
   797 | D:2      | Reached XP level 3. HP: 17/18 MP: 4/4
  1191 | D:2      | Reached skill level 3 in Short Blades
  1194 | D:2      | Gained mutation: Your natural rate of healing is unusually
                  | fast. [Vine Stalker growth]
  1194 | D:2      | Reached XP level 4. HP: 18/23 MP: 5/5
  1345 | D:2      | Found Qeaq's Magic Scroll Shop.
  1354 | D:2      | Bought a scroll of teleportation for 33 gold pieces
  1562 | D:3      | Reached XP level 5. HP: 26/26 MP: 4/6
  1774 | D:3      | Found a glowing drain.
  1797 | Sewer    | Entered a sewer
  1814 | Sewer    | Noticed a kobold brigand
  2616 | D:4      | Noticed Sigmund
  2657 | D:4      | Identified the +1 robe of Fallacy {Regen+ Str+5}
  2879 | D:4      | Reached skill level 4 in Short Blades
  3191 | D:5      | Entered Level 5 of the Dungeon
  3191 | D:5      | Found a runed translucent door.
  3220 | D:5      | Reached XP level 6. HP: 30/30 MP: 7/7
  3280 | D:5      | Noticed Stormy's ghost (novice DsMo)
  3635 | D:5      | Noticed Grinder
  3862 | D:6      | Reached skill level 5 in Short Blades
  3862 | D:6      | Reached XP level 7. HP: 34/34 MP: 8/8
  3904 | D:6      | Learned a level 2 spell: Blink
  4107 | D:6      | Learned a level 2 spell: Ensorcelled Hibernation
  4174 | D:6      | Reached skill level 6 in Short Blades
  4174 | D:6      | Gained mutation: You have razor-sharp teeth. [Vine Stalker
                  | growth]
  4174 | D:6      | Reached XP level 8. HP: 38/38 MP: 9/9
  4810 | D:7      | Noticed Maggie
  4831 | D:7      | Noticed Menkaure
  4835 | D:7      | Killed Menkaure
  4836 | D:7      | Reached skill level 7 in Short Blades
  4836 | D:7      | Reached skill level 5 in Throwing
  4893 | D:7      | Found an iron altar of Okawaru.
  4904 | D:7      | Reached skill level 1 in Dodging
  5154 | D:7      | Found a radiant altar of Vehumet.
  5179 | D:7      | Noticed Pikel
  5201 | D:7      | Killed Pikel
  5202 | D:7      | Reached skill level 8 in Short Blades
  5202 | D:7      | Reached XP level 9. HP: 25/43 MP: 10/10
  5262 | D:7      | Found a basalt altar of Yredelemnul.
  5450 | D:7      | Killed Maggie
  5571 | D:7      | Found a staircase to the Ecumenical Temple.
  5578 | Temple   | Entered the Ecumenical Temple
  5597 | Temple   | Became a worshipper of Uskayaw the Reveller
  5712 | D:8      | Reached * piety under Uskayaw
  5744 | D:8      | Reached ** piety under Uskayaw
  5779 | D:8      | Reached skill level 9 in Short Blades
  5790 | D:8      | Noticed a skeletal warrior
  5912 | D:8      | Found the +2 shield of Resistance {rF++ rC++ Will++}
  5925 | D:8      | Found an ancient bone altar of Kikubaaqudgha.
  5972 | D:8      | Found a shadowy altar of Dithmenos.
  5973 | D:8      | Found a hazy altar of Hepliaklqana.
  6048 | D:8      | You fall into a shaft and drop 1 floor!
  6081 | D:9      | Slain by an orc warrior

Illustrated notes

Levels and vault maps discovered:
D:1:      minmay_arrival_shoal_huts, layout_basic, minmay_pentomino_r2
D:2:      layout_rooms, serial_shops, shop
D:3:      layout_loops_cross, portal_sewer_entry_e, saegor_snake_ambush
D:4:      layout_loops_ring, uniq_sigmund
D:5:      layout_basic, ebering_ghost_reflecting_pool, grunt_decor_resistance,
          kennysheep_generic_room_8, uniq_grinder
D:6:      layout_gridville
D:7:      layout_basic, okawaru_ov_weapons_minmay,
          yredelemnul_forgotten_temple_becter, kennysheep_little_box,
          minmay_temple_entry_statues_fountains, minmay_misc_feat_iff,
          uniq_pikel, uniq_maggie, uniq_menkaure
D:8:      layout_loops_ring, tgw_kikubaaqudgha,
          riverfiend_overflow_shadow_ancestor, erik_lair_orcish_takeover,
          minmay_radiant
D:9:      layout_stronghold, minivault_8
Temple:   eino_temple_scatter_basement

Skill      XL: |  1  2  3  4  5  6  7  8  9 |
---------------+----------------------------+-----
Short Blades   | 2 3 4 5 6 8 9 |  9.0
Throwing       | 2 3 4 5 6 |  6.0
Stealth        | 5 6 7 8 |  8.0
Dodging        | 2 3 |  3.2
Fighting       | 2 4 |  4.0

Action                   |  1- 3 |  4- 6 |  7- 9 || total
-------------------------+-------+-------+-------++-------
Melee: Dagger            |    85 |   173 |   262 ||   520
       Bite              |    23 |    47 |    95 ||   165
       Punch             |       |     2 |     2 ||     4
Throw: Dart              |     9 |    24 |     4 ||    37
  Use: Scroll            |       |     6 |     2 ||     8
       Potion            |       |       |     2 ||     2
 Stab: Sleeping          |     8 |    20 |    10 ||    38
       Distracted        |     1 |       |     1 ||     2
Armor: Robe              |    17 |    30 |    67 ||   114
Dodge: Dodged            |    34 |    60 |   113 ||   207

Table legend: (Time is in decaauts)
 A = Elapsed time spent in this place.
 B = Non-inter-level travel time spent in this place.
 C = Inter-level travel time spent in this place.
 D = Time resting spent in this place.
 E = Time spent auto-exploring this place.
 F = Levels seen in this place.
 G = Mean time per level.
                   A        B        C        D        E       F      G
               +--------+--------+--------+--------+--------+-----+--------+
         Total |   6006 |   5363 |    643 |     29 |   2898 |  11 |  546.0 |
       Dungeon |   5927 |   5304 |    623 |     29 |   2890 |   9 |  658.6 |
        Temple |     32 |     12 |     20 |      0 |      8 |   1 |   32.0 |
         Sewer |     46 |     46 |      0 |      0 |      0 |   1 |   46.0 |
               +--------+--------+--------+--------+--------+-----+--------+

Top non-repeatable levels by time:
     D:3: 1037 daAuts
     D:6: 950 daAuts
     D:1: 850 daAuts
     D:7: 839 daAuts
     D:4: 660 daAuts
     D:5: 660 daAuts
     D:2: 612 daAuts
     D:8: 287 daAuts
   Sewer: 46 daAuts
  Temple: 32 daAuts
     D:9: 29 daAuts
